 Dungeon Crawl Stone Soup version 0.22-a0-515-g75794bf (webtiles) character file.

31979 epen the Slicer (level 13, 0/62 HPs)
             Began as a Vine Stalker Monk on June 19, 2018.
             Was the Champion of Okawaru.
             Slain by a hell rat (1 damage)
             ... summoned by a deep elf mage
             ... on level 2 of the Orcish Mines.
             The game lasted 00:37:23 (16478 turns).

epen the Slicer (Vine Stalker Monk)                Turns: 16478, Time: 00:37:24

Health: 0/62       AC: 14    Str: 12    XL:     13   Next: 61%
Magic:  0/18       EV: 14    Int: 12    God:    Okawaru [******]
Gold:   757        SH:  0    Dex: 22    Spells: 12/12 levels left

rFire    . . .     SeeInvis +   I - +9 rapier of Proximity {pierce, rElec Str-5 Int+2 Stlth+}
rCold    + . .     Gourm    .   (no shield)
rNeg     . . .     Faith    +   S - +1 scale mail {MR+}
rPois    .         Spirit   +   y - +1 helmet {SInv}
rElec    +         Reflect  .   H - +0 cloak
rCorr    .         Harm     .   G - +2 pair of gloves {Dex+3}
MR       ++...                  P - +2 pair of boots
Stlth    ++........             C - amulet of faith
HPRegen  1.00/turn              g - +4 ring of protection
MPRegen  0.16/turn              o - ring of protection from cold

@: about to teleport, corroded, heavily drained
A: fangs 3, thin metallic scales 1, frail 1, low mp 1, regeneration 2, magic
shield, antimagic bite, no potion heal 3, rot immunity
a: Heroism, Finesse, Renounce Religion


You were on level 2 of the Orcish Mines.
You worshipped Okawaru.
Okawaru was exalted by your worship.
You were hungry.

You visited 3 branches of the dungeon, and saw 17 of its levels.

You collected 1631 gold pieces.
You spent 874 gold pieces at shops.

Inventory:

Hand Weapons
 a - a +0 short sword
 q - a +2 dagger of speed
 F - a +4 scimitar of flaming
 I - the +9 rapier of Proximity (weapon) {pierce, rElec Str-5 Int+2 Stlth+}
   (You found it on level 10 of the Dungeon)

   It inflicts extra damage upon your enemies.
   It affects your strength (-5).
   It affects your intelligence (+2).
   It insulates you from electricity.
   It makes you more stealthy.
Armour
 h - a +3 ring mail
 y - a +1 helmet of see invisible (worn)
 G - a +2 pair of gloves of dexterity (worn)
 H - a +0 cloak (worn)
 P - a +2 pair of boots (worn)
 S - a +1 scale mail of magic resistance (worn)
Jewellery
 g - a +4 ring of protection (left hand)
 k - an uncursed ring of stealth
 m - an uncursed amulet of rage
 o - a ring of protection from cold (right hand)
 p - an uncursed ring of ice
 u - an uncursed ring of positive energy
 B - an uncursed ring of poison resistance
 C - an amulet of faith (around neck)
 O - an uncursed ring of ice
Wands
 e - a wand of random effects (42)
 t - a wand of enslavement (45)
 z - a wand of digging (14)
 J - a wand of flame (11)
 K - a wand of polymorph (19)
 N - a wand of paralysis (5)
Scrolls
 d - a scroll of teleportation
 f - 12 scrolls of identify
 r - 3 scrolls of enchant weapon
 v - 2 scrolls of fear
 w - 2 scrolls of magic mapping
 D - 2 scrolls of remove curse
 R - a scroll of amnesia
Potions
 i - 5 potions of cancellation
 j - 2 potions of ambrosia
 l - 2 potions of brilliance
 n - 4 potions of flight
 s - 2 potions of resistance {unknown}
 x - 4 potions of lignification
 A - a potion of berserk rage {unknown}
 E - 7 potions of agility
 L - 3 potions of curing
 M - 2 potions of might
 Q - 2 potions of haste
 T - a potion of heal wounds {unknown}
Miscellaneous
 b - a lamp of fire
Comestibles
 c - 43 rations


   Skills:
 + Level 8.6(7.3) Fighting
 * Level 11.7(10.2) Short Blades
 * Level 10.2(8.8) Armour
 + Level 7.9(6.6) Dodging
 - Level 2.4(1.2) Stealth
 + Level 8.5(7.1) Invocations


You had 12 spell levels left.
You didn't know any spells.
Your spell library contained the following spells:

 Spells                   Type           Power        Failure   Level  Hunger
 Lightning Bolt           Conj/Air       #.........   100%        5    ######.
 Throw Frost              Conj/Ice       #.....       89%         2    ###....
 Freeze                   Ice            #...         78%         1    ##.....
 Summon Ice Beast         Ice/Summ       #.......     100%        4    #####..
 Ozocubu's Armour         Chrm/Ice       #.......     98%         3    ####...
 Shock                    Conj/Air       #...         78%         1    ##.....
 Swiftness                Chrm/Air       #.......     89%         2    ###....
 Spider Form              Tmut/Pois      #.........   98%         3    ####...
 Blade Hands              Tmut           #.........   100%        5    ######.
 Ice Form                 Ice/Tmut       #.......     100%        4    #####..
 Throw Icicle             Conj/Ice       #.......     100%        4    #####..
 Airstrike                Air            #.........   100%        4    #####..
 Sticks to Snakes         Tmut           #.......     89%         2    ###....
 Static Discharge         Conj/Air       #.......     98%         3    ####...
 Beastly Appendage        Tmut           #.....       78%         1    ##.....


Dungeon Overview and Level Annotations

Branches:
Dungeon (12/15)            Temple (0/1) D:7            Lair (3/6) D:11
 Shoals (0/4) Lair:2       Spider (0/4) Lair:2          Orc (2/2) D:9
    Elf (0/3) Orc:2

Altars:
Dithmenos
Elyvilon
Fedhas
Kikubaaqudgha
Makhleb
Nemelex Xobeh
Okawaru
Qazlal
Trog
Vehumet
Yredelemnul
Zin

Shops:
D:5 ?   D:8 !   D:10 [!([[

Annotations:
D:7 LOX
Lair:2 exclusion: oklob plant


Innate Abilities, Weirdness & Mutations

You have razor-sharp teeth.
You heal very quickly.
When hurt, damage is shared between your health and your magic reserves.
Your bite disrupts and absorbs the magic of your enemies.
Potions cannot restore your health.
You are immune to rotting.
You are partially covered in thin metallic scales. (AC +2)
You are frail. (-10% HP)
Your magical capacity is low. (-10% MP)


Message History

Okay, then.
Okay, then.
As you read the scroll of fear, it crumbles to dust.
You assume a fearsome visage.
The hell rat is unaffected. x3
The deep elf mage looks frightened!
The hell rat misses you. The hell rat barely misses you.
The deep elf mage casts a spell.
The deep elf mage blinks!
The hell rat closely misses you. x2
As you read the scroll of teleportation, it crumbles to dust.
You feel strangely unstable. The hell rat bites you.
* * * LOW HITPOINT WARNING * * *
The deep elf mage mumbles some strange words.
The deep elf mage blinks!
The hell rat bites you but does no damage.
The hell rat bites you.
* * * LOW HITPOINT WARNING * * *
The hell rat bites you!
* * * LOW HITPOINT WARNING * * *
You feel drained.
You die...

≈##≈≈##.####.....................
...≈≈#### #...............#.....
...≈#.## ##.....................
...≈#..####......................
...#≈....###.....................
...#†........#...................
≈≈≈≈≈............))..............
#≈≈≈#...........rr...............
.###............@r...............
...#....#.§.................#..#.
....#..#.#.#.#....#..............
#...#.......#.....#......#.##....
##.....#.........#........#......
##....#...##....#....)..#.....>.
###.##........#......(..#...#..
###....##.........##)........
...## .##.... #....#.#..


You could see 3 hell rats.

Vanquished Creatures
  Snorg (D:10)
  2 hydras (D:10)
  Erica (D:8)
  4 two-headed ogres
  Urug (D:12)
  Sonja (Orc:2)
  The ghost of Fauddow the Black Sun, a novice HuNe of Kikubaaqudgha (D:10)
  An unseen horror (D:12)
  An orc knight (Orc:2)
  2 orc sorcerers (Orc:2)
  An ugly thing (D:10)
  4 deep elf magi (Orc:2)
  A manticore (D:11)
  An elephant (D:11)
  Maurice (D:8)
  Joseph (D:7)
  A gargoyle (D:11)
  4 spiny frogs
  A rime drake (Lair:2)
  A komodo dragon (Lair:2)
  3 jumping spiders (Lair:2)
  A kobold demonologist (D:11)
  A queen bee (Lair:3)
  2 merfolk (Lair:2)
  2 trolls
  2 polar bears (D:12)
  2 hippogriffs
  9 blink frogs (Lair:2)
  A shadow (D:12)
  12 yaks
  A redback (Lair:2)
  A wyvern (D:8)
  2 wraiths
  4 basilisks
  A warg (Orc:2)
  2 hungry ghosts
  A soldier ant (D:11)
  2 water moccasins
  7 porcupines
  2 black bears
  A swamp drake (D:9)
  15 orc warriors
  4 ice beasts
  5 sky beasts
  6 centaurs
  11 ogres
  10 crocodiles
  2 big kobolds
  10 bullfrogs
  3 scorpions
  15 killer bees (Lair:3)
  4 wights (D:6)
  4 howler monkeys
  2 electric eels
  10 crimson imps
  2 bullfrog zombies
  3 bullfrog skeletons
  A centaur zombie (D:11)
  12 orc priests
  A quasit (D:12)
  A gnoll shaman (D:6)
  6 hounds
  5 iguanas
  5 jellies
  18 orc wizards
  7 worker ants
  2 worker ant zombies
  3 gnolls (D:6)
  13 adders
  3 shadow imps
  2 oozes (D:2)
  2 adder zombies
  2 adder skeletons
  A dart slug (D:1)
  8 leopard geckos
  84 orcs
  2 ball pythons
  4 giant cockroaches
  5 hobgoblins
  4 jackals (D:9)
  4 quokkas
  A bat (D:2)
  4 frilled lizards
  5 goblins
  A jackal skeleton (D:5)
  8 kobolds
  A leopard gecko skeleton (D:5)
  A leopard gecko zombie (D:7)
  A plant (Lair:2)
413 creatures vanquished.

Vanquished Creatures (others)
  A shadow imp (D:11)
  An orc (D:9)
  2 plants (D:10)
4 creatures vanquished.

Grand Total: 417 creatures vanquished

Notes
Turn   | Place    | Note
-------+----------+-------------------------------------------
     0 | D:1      | epen the Vine Stalker Monk began the quest for the Orb.
     0 | D:1      | Reached XP level 1. HP: 11/11 MP: 2/2
   461 | D:1      | Reached XP level 2. HP: 16/16 MP: 3/3
   811 | D:2      | Reached skill level 3 in Short Blades
   857 | D:2      | Reached XP level 3. HP: 9/19 MP: 2/4
  1422 | D:2      | Reached skill level 1 in Armour
  1484 | D:2      | Gained mutation: Your natural rate of healing is unusually fast. [Vine Stalker growth]
  1484 | D:2      | Reached XP level 4. HP: 5/24 MP: 3/5
  2028 | D:3      | Found an iron altar of Okawaru.
  2095 | D:3      | Reached XP level 5. HP: 22/28 MP: 6/6
  2376 | D:3      | Found a white marble altar of Elyvilon.
  2755 | D:3      | Became a worshipper of Warmaster Okawaru
  2755 | D:3      | Reached * piety under Okawaru
  2755 | D:3      | Reached ** piety under Okawaru
  2821 | D:4      | Reached skill level 4 in Short Blades
  2966 | D:4      | Reached XP level 6. HP: 29/32 MP: 7/7
  3526 | D:5      | Entered Level 5 of the Dungeon
  3612 | D:4      | Reached skill level 1 in Invocations
  3612 | D:4      | Reached XP level 7. HP: 37/37 MP: 8/8
  3644 | D:5      | Reached skill level 5 in Short Blades
  3658 | D:5      | Reached *** piety under Okawaru
  3898 | D:5      | Gained mutation: You have razor-sharp teeth. [Vine Stalker growth]
  3898 | D:5      | Reached XP level 8. HP: 38/42 MP: 10/10
  4104 | D:5      | Found Wiwyri's Magic Scroll Shoppe.
  4107 | D:5      | Bought a scroll of magic mapping for 38 gold pieces
  4107 | D:5      | Bought a scroll of identify for 22 gold pieces
  4338 | D:6      | Noticed a gargoyle
  4951 | D:6      | Reached **** piety under Okawaru
  5037 | D:6      | Reached skill level 6 in Short Blades
  5282 | D:6      | Found a glowing silver altar of Zin.
  5282 | D:6      | Found an ancient bone altar of Kikubaaqudgha.
  5285 | D:6      | Found a blossoming altar of Fedhas.
  5428 | D:6      | Reached XP level 9. HP: 46/46 MP: 12/12
  5754 | D:7      | Found an iron altar of Okawaru.
  5878 | D:7      | Reached skill level 5 in Fighting
  5916 | D:7      | Found a staircase to the Ecumenical Temple.
  6013 | D:7      | Reached skill level 5 in Armour
  6015 | D:7      | Found a shadowy altar of Dithmenos.
  6065 | D:7      | Found a basalt altar of Yredelemnul.
  6247 | D:8      | Noticed Joseph
  6309 | D:8      | Reached ***** piety under Okawaru
  6378 | D:8      | Reached skill level 7 in Short Blades
  6394 | D:8      | Noticed Erica
  6420 | D:8      | Received a gift from Okawaru
  6434 | D:8      | Killed Erica
  6434 | D:8      | Reached skill level 5 in Dodging
  6481 | D:8      | Reached XP level 10. HP: 51/51 MP: 14/14
  6721 | D:8      | Got a twisted glaive
  6722 | D:8      | Identified the +10 glaive of Abbuez {chop, Str+2 Int+3 Stlth+} (You found it on level 8 of the Dungeon)
  6737 | D:8      | Found a stormy altar of Qazlal.
  6742 | D:8      | Noticed Maurice
  6756 | D:8      | Killed Maurice
  6990 | D:8      | Found Nifriu's Distillery.
  6997 | D:8      | Bought a potion of curing for 33 gold pieces
  6997 | D:8      | Bought a potion of might for 44 gold pieces
  6997 | D:8      | Bought a potion of agility for 44 gold pieces
  6997 | D:8      | Bought 2 potions of agility for 88 gold pieces
  6997 | D:8      | Bought a potion of curing for 33 gold pieces
  7284 | D:9      | Found a sparkling altar of Nemelex Xobeh.
  7332 | D:9      | Reached skill level 8 in Short Blades
  7729 | D:9      | Reached skill level 5 in Invocations
  7945 | D:9      | Found a burning altar of Makhleb.
  7957 | D:9      | Noticed a two-headed ogre
  7978 | D:9      | Killed a two-headed ogre
  8199 | D:9      | Found a staircase to the Orcish Mines.
  8504 | D:10     | Entered Level 10 of the Dungeon
  8504 | D:10     | Found Lener's Antique Weapon Emporium.
  8505 | D:10     | Reached XP level 11. HP: 58/58 MP: 16/16
  8557 | D:10     | Noticed Snorg
  8615 | D:10     | Killed Snorg
  8615 | D:10     | Reached skill level 9 in Short Blades
  8658 | D:10     | Found Peorgh Le Her's Armour Shoppe.
  8723 | D:10     | Found a runed gate.
  8760 | D:10     | Noticed Fauddow's ghost (novice HuNe)
  8761 | D:10     | Found a runed gate.
  8761 | D:10     | Found a runed gate.
  8761 | D:10     | Noticed an 11-headed hydra
  8761 | D:10     | Noticed an 11-headed hydra
  8805 | D:10     | Noticed a purple ugly thing
  8835 | D:10     | Killed a purple ugly thing
  8895 | D:10     | Got an iridescent rapier
  8896 | D:10     | Identified the +9 rapier of Proximity {pierce, rElec Str-5 Int+2 Stlth+} (You found it on level 10 of the Dungeon)
  8901 | D:10     | Got a bloodstained broad axe
  8902 | D:10     | Identified the +8 broad axe "Lifebane" {chop, rPois MP+9 Str+7} (You found it on level 10 of the Dungeon)
  8975 | D:10     | Killed Fauddow's ghost
  8975 | D:10     | Received a gift from Okawaru
  8978 | D:10     | Got a crystal mace {god gift}
  8982 | D:10     | Identified the +9 mace "Aricw" {flame, *Slow rElec rPois Str+3} (Okawaru gifted it to you on level 10 of the Dungeon)
  9117 | D:11     | Found a staircase to the Lair.
  9274 | D:11     | Noticed a two-headed ogre
  9392 | D:11     | Killed a two-headed ogre
  9392 | D:11     | Reached ****** piety under Okawaru
  9436 | D:11     | Noticed a two-headed ogre
  9439 | D:11     | Noticed a manticore
  9447 | D:11     | Killed a two-headed ogre
  9453 | D:11     | Killed a manticore
 10008 | D:11     | Received a gift from Okawaru
 10360 | D:12     | Gained mutation: You heal very quickly. [Vine Stalker growth]
 10360 | D:12     | Reached XP level 12. HP: 63/63 MP: 18/18
 10397 | D:12     | Noticed Urug
 10409 | D:12     | Found a bloodstained altar of Trog.
 10451 | D:12     | Reached skill level 10 in Short Blades
 10480 | D:12     | Killed Urug
 11051 | Lair:1   | Entered Level 1 of the Lair of Beasts
 11359 | Lair:1   | Received a gift from Okawaru
 12092 | Lair:2   | Gained mutation: You are frail. (-10% HP) [potion of mutation]
 12092 | Lair:2   | Gained mutation: Your magical capacity is low. (-10% MP) [potion of mutation]
 12092 | Lair:2   | Gained mutation: You are partially covered in thin metallic scales. (AC +2) [potion of mutation]
 12435 | Lair:2   | Found a hole to the Spider Nest.
 12621 | Lair:2   | Reached skill level 11 in Short Blades
 12634 | Lair:2   | Reached XP level 13. HP: 37/61 MP: 17/17
 12724 | Lair:2   | Found a staircase to the Shoals.
 13540 | Lair:3   | Received a gift from Okawaru
 14679 | D:5      | Bought a scroll of acquirement for 572 gold pieces
 14779 | D:7      | Killed Joseph
 14851 | D:10     | Found Zecovoz's Distillery.
 14897 | D:10     | Found Liemaast's Antique Armour Emporium.
 14988 | D:10     | Found Oskum's Antique Armour Shop.
 15006 | D:10     | Reached skill level 10 in Armour
 15363 | Orc:1    | Entered Level 1 of the Orcish Mines
 15623 | Orc:2    | Entered Level 2 of the Orcish Mines
 15728 | Orc:2    | Received a gift from Okawaru
 15910 | Orc:2    | Found a staircase to the Elven Halls.
 15933 | Orc:2    | Noticed Sonja
 15952 | Orc:2    | Found a radiant altar of Vehumet.
 16335 | Orc:2    | Killed Sonja
 16478 | Orc:2    | HP: 1/62 [hell rat[a deep elf mage] (4)]
 16478 | Orc:2    | Slain by a hell rat

Vault maps used:
D:1:      minmay_arrival_radiant_lines
D:2:      first_ration
D:3:      elyvilon_altar_5, okawaru_ov_weapons_minmay
D:5:      serial_shops, kennysheep_mini_moat
D:6:      minitemple, nicolae_benzene_ring
D:7:      nicolae_overflow_crystal_walls, lemuel_crystal_altar, kennysheep_mini,
          lemuel_temple_firewalk_b
D:8:      lemuel_doored_altar, serial_shops, shop_fountains,
          blue_anna_alchemist, uniq_joseph, uniq_maurice, uniq_erica
D:9:      overflow_temple_1_default, makhleb_heckhound_becter, erik_orc_1,
          minmay_fountain_box
D:10:     serial_shops, shop, shop, shop, shop, shop_fountains,
          gammafunk_ghost_hydra_chop, uniq_snorg
D:11:     david_lair_generic, lemuel_flamethrower_hall
D:12:     trog_ov_bears_minmay, uniq_urug
Lair:1:   statuecave_lemuel, lemuel_fruit_tree
Lair:2:   elwin_shoals_entry_rooms, spider_nest_entry_funnel_web,
          minmay_lair_oklob_items
Lair:3:   special_room, grunt_megastairs_2
Orc:2:    grunt_orc_tribal_feast, basic_altar, elves_outpost_lemuel, uniq_sonja

Skill      XL: |  1  2  3  4  5  6  7  8  9 10 11 12 13 |
---------------+----------------------------------------+-----
Short Blades   | 3 4 5 6 7 8 9 11 | 11.7
Fighting       | 3 4 5 6 7 8 |  8.6
Armour         | 1 2 3 4 5 7 8 9 10 | 10.2
Dodging        | 3 4 5 6 7 |  7.9
Invocations    | 1 3 4 5 6 7 8 |  8.5
Stealth        | |  2.4

Action                   |  1- 3 |  4- 6 |  7- 9 | 10-12 | 13-15 || total
-------------------------+-------+-------+-------+-------+-------++-------
Melee: Short sword       |    78 |    24 |       |       |       ||   102
       Bite              |    18 |    61 |   181 |   422 |   103 ||   785
       Dagger            |       |   194 |   498 |   546 |       ||  1238
       Rapier            |       |       |       |   494 |   264 ||   758
       Punch             |       |       |       |     3 |       ||     3
       Scimitar          |       |       |       |       |    15 ||    15
Invok: Heroism           |       |       |     2 |     3 |       ||     5
       Finesse           |       |       |       |     1 |       ||     1
Evoke: Wand              |       |       |       |     5 |     3 ||     8
       Lamp of fire      |       |       |       |     1 |       ||     1
  Use: Scroll            |       |     4 |     5 |     9 |     4 ||    22
       Potion            |       |       |     1 |     2 |       ||     3
 Stab: Sleeping          |     3 |     7 |     4 |     8 |     2 ||    24
       Distracted        |       |       |     2 |     1 |       ||     3
       Confused          |       |       |       |     2 |       ||     2
       Invisible         |       |       |       |     3 |       ||     3
       Paralysed         |       |       |       |       |     1 ||     1
  Eat: Chunk             |     2 |     5 |     4 |    22 |     6 ||    39
       Ration            |       |       |     2 |       |     2 ||     4
Armor: Robe              |    24 |    24 |       |       |       ||    48
       Ring mail         |       |    16 |   108 |   173 |       ||   297
       Scale mail        |       |       |       |   126 |   137 ||   263
Dodge: Dodged            |    41 |    58 |   156 |   411 |   218 ||   884
       Rpst.: Scimitar   |       |       |       |       |     3 ||     3

Table legend:
 A = Spawn XP
 B = Non-spawn XP
 C = Spawn XP percentage of total XP
 D = Spawn monster count
 E = Non-spawn monster count
 F = Spawn count percentage of total count
 G = Total turns spent on level
                    A         B        C        D         E        F      G
               +---------+---------+-------+---------+---------+-------+---------
         Total |       0 |   45685 |   0.0 |       0 |     412 |   0.0 | 16478
               +---------+---------+-------+---------+---------+-------+---------
           D:1 |       0 |      15 |   0.0 |       0 |       9 |   0.0 |   792
           D:2 |       0 |     133 |   0.0 |       0 |      20 |   0.0 |  1228
           D:3 |       0 |      47 |   0.0 |       0 |      14 |   0.0 |   752
           D:4 |       0 |     412 |   0.0 |       0 |      12 |   0.0 |   798
           D:5 |       0 |     785 |   0.0 |       0 |      24 |   0.0 |  1019
           D:6 |       0 |     784 |   0.0 |       0 |      21 |   0.0 |  1113
           D:7 |       0 |    1340 |   0.0 |       0 |      27 |   0.0 |   746
           D:8 |       0 |    2681 |   0.0 |       0 |      17 |   0.0 |   921
           D:9 |       0 |    3766 |   0.0 |       0 |      70 |   0.0 |  1459
          D:10 |       0 |    5386 |   0.0 |       0 |      25 |   0.0 |  1316
          D:11 |       0 |    5970 |   0.0 |       0 |      37 |   0.0 |  1325
          D:12 |       0 |    3555 |   0.0 |       0 |      22 |   0.0 |   664
        Lair:1 |       0 |    2955 |   0.0 |       0 |      17 |   0.0 |   902
        Lair:2 |       0 |    8715 |   0.0 |       0 |      40 |   0.0 |  1375
        Lair:3 |       0 |    1834 |   0.0 |       0 |      18 |   0.0 |   953
         Orc:1 |       0 |     899 |   0.0 |       0 |       1 |   0.0 |   303
         Orc:2 |       0 |    6408 |   0.0 |       0 |      38 |   0.0 |   812
               +---------+---------+-------+---------+---------+-------+---------
